 Dungeon Crawl Stone Soup version 0.28-a0-1518-gbe868bca14 (webtiles) character file.

Game seed: 8021435683214907211

516 Edwards80 the Cleaver (level 7, -10/57 HPs)
             Began as a Minotaur Fighter on Jan 16, 2022.
             Was a Plaything of Xom.
             Mangled by Duvessa (12 damage)
             ... on level 4 of the Dungeon.
             The game lasted 00:07:46 (2762 turns).

Edwards80 the Cleaver (Minotaur Fighter)            Turns: 2762, Time: 00:07:47

Health: -10/57     AC: 11    Str: 28    XL:     7   Next: 0%
Magic:  6/6        EV:  6    Int:  5    God:    Xom [..*...]
Gold:   105        SH:  8    Dex: 10    Spells: 6/6 levels left

rFire   . . .      SeeInvis .   a - +0 war axe
rCold   . . .      Faith    .   j - +0 kite shield
rNeg    . . .      Spirit   .   g - +2 chain mail {Will+}
rPois   .          Reflect  .   (helmet restricted)
rElec   .          Harm     .   (no cloak)
rCorr   .          Rampage  .   (no gloves)
Will    +....                   (no boots)
Stlth   ..........              (no amulet)
HPRegen 0.19/turn               h - +6 ring of strength
MPRegen 0.10/turn               (no ring)

@: lethally poisoned (-10 -> -31)
A: horns 2, retaliatory headbutt
a: Renounce Religion


You were on level 4 of the Dungeon.
You worshipped Xom.
You were a toy of Xom.
You visited 1 branch of the dungeon, and saw 4 of its levels.

You collected 105 gold pieces.

Inventory:

Hand Weapons
 a - a +0 war axe (weapon)
Armour
 g - a +2 chain mail of willpower (worn)
 j - a +0 kite shield (worn)
Jewellery
 h - a +6 ring of strength (left hand)
Scrolls
 c - 2 scrolls of silence {unknown}
 f - 2 scrolls of magic mapping
Potions
 b - a potion of attraction {unknown}
 d - a potion of mutation {unknown}
 e - 2 potions of invisibility {unknown}
 i - 2 potions of lignification


   Skills:
 - Level 3.6 Fighting
 + Level 9.2 Axes
 - Level 3.6 Armour
 - Level 3.6 Shields


You had 6 spell levels left.
You didn't know any spells.
Your spell library was empty.

Dungeon Overview and Level Annotations

Branches:
Dungeon (4/15)
 Temple: D:4-7

Altars:
Xom

Annotations:
D:4 Duvessa


Innate Abilities, Weirdness & Mutations

You have a pair of horns on your head.
You reflexively headbutt those who attack you in melee.


Message History

You slash Dowan!
Dowan is severely wounded.
You hit Duvessa but do no damage. You block Duvessa's attack.
Dowan hits you with a +0 dagger. Duvessa barely misses you.
You miss Dowan.
Dowan is severely wounded.
You barely miss Duvessa. Dowan hits you but does no damage.
Duvessa hits you with a +4 short sword of venom.
You are poisoned.
Dowan barely misses you.
You slash Dowan!
You kill Dowan!
Duvessa screams in rage.
Duvessa goes berserk!
You hit Duvessa.
You feel very sick.
Duvessa hits you with a +4 short sword of venom!!
A shower of butterflies erupts from you!
You are more poisoned.
You block Duvessa's attack.
You have reached level 7!
You hit Duvessa but do no damage.
Duvessa is lightly wounded.
You feel very sick. You block Duvessa's attack.
A hobgoblin comes into view.
You hit Duvessa but do no damage. You headbutt Duvessa, but do no damage.
Duvessa is lightly wounded.
You feel very sick.
Duvessa hits you with a +4 short sword of venom!
* * * LOW HITPOINT WARNING * * *
You are more poisoned.
Duvessa hits you but does no damage.
You are more poisoned.
You hit Duvessa but do no damage. You headbutt Duvessa!
Duvessa is moderately wounded.
* * * LOW HITPOINT WARNING * * *
You feel extremely sick.
Duvessa hits you with a +4 short sword of venom!
You die...
Xom snickers!

...#####..#...#
.......†.####...#
..#.......##
##.<. ###......#
#.. ##.##..## #.
... ##..###
...####....####.
##..##...........
##......@.......
..)....)e.b#..#
........bb....#
..............#
...............
...............
.g.............
...............


You could see Duvessa (berserk, ally target) and a hobgoblin.

Vanquished Creatures
  Grinder (D:3)
  A necrophage (D:4)
  Dowan (D:4)
  A jelly (D:3)
  Jessica (D:3)
  An orc wizard (D:3)
  5 adders
  A dart slug (D:2)
  6 orcs
  2 endoplasms
  3 giant cockroaches
  3 goblins
  6 hobgoblins
  3 jackals (D:1)
  5 kobolds
  6 quokkas
  4 ball pythons
  3 bats
  A frilled lizard (D:3)
  7 rats
61 creatures vanquished.

Notes
Turn   | Place    | Note
-------+----------+-------------------------------------------
     0 | D:1      | Edwards80 the Minotaur Fighter began the quest for the Orb.
     0 | D:1      | Reached XP level 1. HP: 19/19 MP: 0/0
   185 | D:1      | Reached skill level 3 in Axes
   233 | D:1      | Reached XP level 2. HP: 26/26 MP: 1/1
   420 | D:1      | Reached skill level 4 in Axes
  1225 | D:2      | Reached XP level 3. HP: 31/31 MP: 2/2
  1256 | D:2      | Found a faded altar of an unknown god.
  1261 | D:2      | Prayed at the altar of an unknown god.
  1261 | D:2      | Became a worshipper of Xom the Random Number God
  1517 | D:2      | Reached skill level 5 in Axes
  1526 | D:2      | XOM: silly message
  1599 | D:2      | Reached XP level 4. HP: 39/39 MP: 3/3
  1801 | D:2      | XOM: divination: detect creatures
  1816 | D:3      | Reached skill level 6 in Axes
  2090 | D:3      | Noticed Grinder
  2101 | D:3      | XOM: potion effect (might)
  2103 | D:3      | XOM: potion effect (heal wounds)
  2111 | D:3      | Killed Grinder
  2112 | D:3      | Reached skill level 8 in Axes
  2112 | D:3      | Reached XP level 5. HP: 22/45 MP: 4/4
  2112 | D:3      | Reached XP level 6. HP: 25/51 MP: 5/5
  2527 | D:3      | Noticed Jessica
  2530 | D:3      | Killed Jessica
  2571 | D:3      | XOM: divination: detect items
  2596 | D:3      | Identified the +6 chain mail of Muivipyle {rPois rF+ SInv}
  2749 | D:4      | Noticed Dowan
  2751 | D:4      | Noticed Duvessa
  2753 | D:4      | Reached skill level 9 in Axes
  2753 | D:4      | XOM: noise
  2759 | D:4      | Killed Dowan
  2759 | D:4      | XOM: butterfly on damage
  2760 | D:4      | Reached XP level 7. HP: 25/57 MP: 6/6
  2762 | D:4      | HP: 2/57 [poisoned by Duvessa]
  2762 | D:4      | Mangled by Duvessa

Illustrated notes

Levels and vault maps discovered:
D:1:      eino_arrival_water_star, layout_loops_corners
D:2:      layout_loops_ring, ebering_ecumenical_altar_sacrificial
D:3:      layout_loops_ring, uniq_jessica, uniq_grinder
D:4:      layout_layer_cave, sigmund_edmund_badplayer, uniq_duvessa,
          uniq_blork_the_orc

Skill      XL: |  1  2  3  4  5  6 |
---------------+-------------------+-----
Axes           | 3 4 5 8 9 |  9.2
Fighting       | |  3.6
Armour         | |  3.6
Shields        | |  3.6

Action                   |  1- 3 |  4- 6 |  7- 9 || total
-------------------------+-------+-------+-------++-------
Melee: War axe           |    70 |    71 |     3 ||   144
       Headbutt          |     5 |    10 |     2 ||    17
  Use: Scroll            |     3 |     1 |       ||     4
       Potion            |       |     1 |       ||     1
Armor: Scale mail        |    29 |       |       ||    29
       Chain mail        |     4 |    23 |     1 ||    28
Dodge: Dodged            |    27 |    28 |       ||    55
Block: Buckler           |    13 |    10 |       ||    23
       Kite shield       |       |     6 |     1 ||     7

Table legend: (Time is in decaauts)
 A = Elapsed time spent in this place.
 B = Non-inter-level travel time spent in this place.
 C = Inter-level travel time spent in this place.
 D = Time resting spent in this place.
 E = Time spent auto-exploring this place.
 F = Levels seen in this place.
 G = Mean time per level.
                   A        B        C        D        E       F      G
               +--------+--------+--------+--------+--------+-----+--------+
         Total |   2804 |   2750 |     54 |      0 |   2282 |   4 |  701.0 |
       Dungeon |   2804 |   2750 |     54 |      0 |   2282 |   4 |  701.0 |
               +--------+--------+--------+--------+--------+-----+--------+

Top non-repeatable levels by time:
     D:1: 1021 daAuts
     D:3: 899 daAuts
     D:2: 815 daAuts
     D:4: 68 daAuts
